cohdb
Replays
Latest Replays
All Replays
Popular Replays
Top Player Replays
Match Explorer
How It Works
Community
CoH3 Stats
Reddit
Sign in to upload your games and track your stats! →
Sign in with Steam
Match 42213341
Unlisted
Match 42213341
Overview
Messages
Build Orders
End
Panzergrenadier Squad
Selects Panzerjäger Kommand Battlegroup
Selects Mine Fields
Panzergrenadier Squad
250 Light Carrier
Selects GrB 39 Grenade Launcher Requisition
Construct Light Support Kompanie
2.5-tonne Medical Truck
MG34 Team
Panzergrenadier Squad
Panzerjäger Squad
Construct Mechanized Kompanie
Selects Defensive Positions
Construct Panzerarmee Kommand
Tungsten Core Ammunition
Selects Butterfly Bomb Drop
Butterfly Bomb Drop
Walking Stuka Rocket Launcher
Flak 36 Anti-tank Gun Team
Panzergrenadier Squad
Emergency Repair Kits
Marder III Tank Destroyer
Marder III Tank Destroyer
Butterfly Bomb Drop
Selects Crew Shock Tactics
Armored Reserves
MG34 Team
Selects Anti-tank Overwatch
HongLang
逆天神王
HoGorGor
Hayden很壮
Derek
雁雁雁
十三将士归玉门
gUi
0
0
Comments
sign in to comment!
No comments posted yet!